 Dungeon Crawl Stone Soup version 0.29-a0-824-gd827844252 (webtiles) character file.

Game seed: 2795186978475798065

119106 buhh the Geomancer (level 16, -8/130 HPs)
             Began as an Octopode Transmuter on July 9, 2022.
             Was the Champion of Cheibriados.
             Mangled by Frances
             ... wielding a +3 halberd of flaming
              (19 damage)
             ... on level 1 of the Snake Pit.
             The game lasted 00:32:39 (30155 turns).

buhh the Geomancer (Octopode Transmuter)           Turns: 30155, Time: 00:32:40

Health: -8/130     AC: 40    Str: 25    XL:     16   Next: 78%
Magic:  30/34      EV: 24    Int: 42    God:    Cheibriados [******]
Gold:   586        SH:  0    Dex: 28    Spells: 7/23 levels left

rFire   + . .      SeeInvis +     - Unarmed
rCold   + . .      Faith    .   (no shield)
rNeg    + . .      Spirit   .   U - +2 hat "Eluaff" {Int+5 Stlth+}
rPois   ∞          Reflect  .   r - amulet of Vitality {RegenMP++ Regen++}
rElec   +          Harm     .   l - +4 ring of protection
rCorr   +          Rampage  .   n - ring of flight
Will    +....                   y - ring of magical power
Stlth   +++++.....              i - ring of resist corrosion
HPRegen 1.91/turn               o - ring of protection from fire
MPRegen 1.04/turn               S - +4 ring of protection
                                u - ring of protection from cold
                                X - ring of see invisible

@: mighty, statue-form, flying, very slow
A: slow and powerful, torment resistance 1, boosted hp, almost no armour,
amphibious, 8 rings, camouflage 1, (gelatinous body 1), (nimble swimmer 1),
tentacles, frail 1
a: End Transformation, Renounce Religion, Bend Time, Temporal Distortion,
Slouch, Step From Time


You were on level 1 of the Snake Pit.
You worshipped Cheibriados.
Cheibriados was exalted by your worship.
You were a living statue of rough stone.
You visited 5 branches of the dungeon, and saw 25 of its levels.
You visited the Abyss 2 times.

You collected 2431 gold pieces.
You spent 1845 gold pieces at shops.

Inventory:

Missiles
 a - a curare-tipped dart
 v - 51 poisoned darts
 P - 2 throwing nets
Armour
 U - the +2 hat "Eluaff" (worn) {Int+5 Stlth+}
   (You found it on level 6 of the Lair of Beasts)

   Int:       It affects your intelligence (+5).
   Stlth:     It makes you more stealthy.
Jewellery
 i - a ring of resist corrosion (on tentacle)
 l - a +4 ring of protection (left tentacle)
 n - a ring of flight (right tentacle)
 o - a ring of protection from fire (on tentacle)
 r - the amulet of Vitality (around mantle) {RegenMP++ Regen++}
   (You bought it in a shop on level 2 of the Orcish Mines)

   [amulet of magic regeneration]

   It increases your rate of magic regeneration.
   Regen:     It increases your rate of health regeneration.
 u - a ring of protection from cold (on tentacle)
 y - a ring of magical power (on tentacle)
 G - a ring of positive energy
 I - an amulet of the acrobat
 K - a ring of protection from cold
 O - a +6 ring of dexterity
 S - a +4 ring of protection (on tentacle)
 V - a +6 ring of dexterity
 X - a ring of see invisible (on tentacle)
Wands
 s - a wand of paralysis (24)
 t - a wand of polymorph (7)
 B - a wand of iceblast (12)
 C - a wand of quicksilver (4)
 F - a wand of flame (5)
 H - a wand of digging (3)
Scrolls
 c - 2 scrolls of vulnerability
 m - 4 scrolls of amnesia
 p - 3 scrolls of fear {!r}
 z - 2 scrolls of blinking {!d}
 D - 5 scrolls of identify {!d}
 J - 4 scrolls of magic mapping {!r!d}
 L - a scroll of brand weapon
 M - a scroll of poison
 R - 3 scrolls of teleportation {!d}
 Y - 2 scrolls of summoning
 Z - a scroll of torment
Potions
 b - 6 potions of brilliance {!q!d}
 d - 4 potions of degeneration
 e - 4 potions of attraction
 f - a potion of cancellation {!q!d}
 g - 2 potions of berserk rage {!q}
 h - 3 potions of mutation {!d}
 k - 6 potions of curing {!q!d}
 q - 5 potions of flight
 w - 3 potions of resistance {!q!d}
 x - 4 potions of ambrosia {!q!d}
 N - a potion of invisibility {!q!d}
 Q - a potion of might
 T - a potion of heal wounds {!q!d}
Miscellaneous
 j - a phantom mirror
 A - a phial of floods
 E - a condenser vane
 W - a tin of tremorstones (2/2)


   Skills:
 + Level 11.3 Fighting
 + Level 11.3 Dodging
 - Level 2.0 Stealth
 + Level 11.3 Unarmed Combat
 * Level 4.0 Spellcasting
 - Level 13.2 Transmutations
 - Level 5.0 Ice Magic
 - Level 14.0 Earth Magic
 - Level 3.0 Poison Magic
 - Level 13.0 Invocations


You had 7 spell levels left.
You knew the following spells:

 Your Spells              Type           Power      Damage    Failure   Level
a - Beastly Appendage     Tmut           100%       N/A       0%          1
b - Wereblood             Tmut           88%        N/A       1%          2
c - Spider Form           Tmut/Pois      67%        N/A       1%          3
d - Ice Form              Ice/Tmut       71%        N/A       1%          4
e - Statue Form           Tmut/Erth      59%        N/A       1%          6

Your spell library contained the following spells:

 Spells                   Type           Power      Damage    Failure   Level
 Freeze                   Ice            100%       1d11      1%          1
 Ensorcelled Hibernation  Hex/Ice        58%        N/A       1%          2
 Frozen Ramparts          Ice            100%       1d12      1%          3
 Ignite Poison            Fire/Tmut/Pois 52%        N/A       1%          3
 Ozocubu's Armour         Ice            50%        N/A       1%          3
 Leda's Liquefaction      Hex/Erth       30%        N/A       1%          4
 Blade Hands              Tmut           44%        N/A       1%          5
 Lee's Rapid Deconstruct  Erth           45%        3d23*     1%          5
 Yara's Violent Unravell  Hex/Tmut       29%        3d12      5%          5
 Dazzling Flash           Conj/Hex       16%        N/A       9%          3
 Portal Projectile        Hex/Tloc       16%        N/A       9%          3
 Tukima's Dance           Hex            8%         N/A       9%          3
 Hailstorm                Conj/Ice       29%        3d8       10%         4
 Eringya's Noxious Bog    Tmut/Pois      33%        N/A       16%         6
 Anguish                  Hex/Necr       4%         N/A       28%         4
 Fulminant Prism          Conj/Hex       4%         3d6       28%         4
 Iskenderun's Mystic Bla  Conj/Tloc      8%         2d4       28%         4
 Passage of Golubria      Tloc           8%         N/A       28%         4
 Metabolic Englaciation   Hex/Ice        14%        N/A       28%         5
 Agony                    Necr           8%         N/A       61%         5
 Silence                  Hex/Air        4%         N/A       61%         5
 Summon Forest            Summ/Tloc      4%         N/A       61%         5
 Simulacrum               Ice/Necr       14%        N/A       83%         6
 Starburst                Conj/Fire      4%         6d3       99%         6
 Enfeeble                 Hex            4%         N/A       100%        7
 Summon Hydra             Summ           4%         N/A       100%        7


Dungeon Overview and Level Annotations

Branches:
Dungeon (15/15) Zot: 39168  Temple (1/1) D:7 Zot: 8812    Lair (6/6) D:11 Zot: 37288
 Shoals (0/4) Lair:4        Snake (1/4) Lair:4 Zot: 7773   Slime (0/5) Lair:5
    Orc (2/2) D:9 Zot: 15688     Elf (0/3) Orc:2        Vaults (0/5) D:13
 Depths (0/4) D:15

Altars:
Ashenzari
Cheibriados
Dithmenos
Elyvilon
Fedhas
Gozag
Hepliaklqana
Kikubaaqudgha
Makhleb
Nemelex Xobeh
Okawaru
Qazlal
Ru
Sif Muna
Trog
Uskayaw
Vehumet
Wu Jian
Xom
Yredelemnul
Zin
Jiyva

Shops:
D:3 [*!   D:5 !   D:10 *   D:12 *   Orc:1 *   Orc:2 ?=(?

Annotations:
D:7 2 runed translucent doors, zeratav's ghost, novice OpVM
D:14 4 runed translucent doors, Faore's ghost, journeyman HOMo; Noohia's ghost, journeyman MeCK
D:15 1 runed translucent door, Kaaschics's ghost, adept GnMo
Lair:4 1 exclusion
Lair:6 Rupert
Snake:1 Frances


Innate Abilities, Weirdness & Mutations

You are a living statue of rough stone.
Your actions are slow, but your melee attacks are powerful.
You are resistant to unholy torment.
Your maximum health is greatly increased.
You are immune to poison.
You cannot wear most types of armour.
You are amphibious.
You can wear up to eight rings at the same time.
Your skin changes colour to match your surroundings (Stealth+).
((Your rubbery body absorbs attacks. (AC +1, EV +1)))
((You are camouflaged when in or above water. (Stealth+)))
You have tentacles for arms and can constrict up to eight enemies at once.
You are frail. (-10% HP)


Message History

You are too injured to fight recklessly!
You are too injured to fight recklessly!
You are too injured to fight recklessly!
You are too injured to fight recklessly!
You are too injured to fight recklessly!
You are too injured to fight recklessly!
You are too injured to fight recklessly!
You are too injured to fight recklessly!
You are too injured to fight recklessly!
You are too injured to fight recklessly!
You are too injured to fight recklessly!
You are too injured to fight recklessly!
You are too injured to fight recklessly!
You are too injured to fight recklessly!
You are too injured to fight recklessly!
You are too injured to fight recklessly!
You are too injured to fight recklessly!
You are too injured to fight recklessly!
You are too injured to fight recklessly!
You are too injured to fight recklessly!
You are too injured to fight recklessly!
You step out of the flow of time.
You return to the normal time flow.
You are covered in liquid flames!
Frances shouts!
Frances whispers indecipherable words.
Frances seems to speed up.
You feel very mighty all of a sudden.
You are covered in liquid flames!
You are no longer on fire.
Frances hits you but does no damage.
Frances says, "Show me proof of your conquests, and I will call you a great adventurer."
Frances misses you. Frances completely misses you.
Frances mutters in a terrible tongue.
The shard of ice hits you!! You partially resist. Frances misses you.
Frances screams a word of power!
The shard of ice hits you!! You partially resist.
* * * LOW HITPOINT WARNING * * *
Frances hits you with a +3 halberd of flaming!!
You die...

#......... #.........
##......... #..........
#.......... #.......... #
#.......... .# #..8@......
#########.# #.##+######
..........####.#..#
..........+..>....###
..........#.#.#.....###
..#...#####...#..##.#.#
..###...........).#.#.##
..###..#..#...)).)#....######
#.##...........#).).........#


You could see Frances (fast).

Vanquished Creatures
  A dread lich (Abyss:2)
  A bone dragon (Abyss:2)
  2 tentacled starspawn (Abyss:2)
  Agnes (D:15)
  Aizul (Snake:1)
  Louise (D:15)
  A juggernaut zombie (D:15)
  Nessos (Lair:5)
  Azrael (D:12)
  An ettin (D:13)
  Snorg (Orc:2)
  Fannar (D:10)
  A fire dragon (D:13)
  3 hydras
  Erolcha (D:10)
  2 boulder beetles
  3 ogre magi
  4 anacondas (Snake:1)
  11 two-headed ogres
  3 centaur warriors
  A vampire mage (D:15)
  A death yak (Lair:2)
  4 tengu warriors
  3 large abominations (Abyss:2)
  A thrashing horror (Abyss:2)
  5 naga sharpshooters (Snake:1)
  Urug (Lair:5)
  3 shock serpents (Snake:1)
  Amaemon (Lair:1)
  A storm dragon zombie (D:15)
  2 skeletal warriors (D:15)
  A necromancer (D:15)
  4 orc knights
  2 deep elf pyromancers
  A fire giant zombie (D:15)
  2 salamanders (Snake:1)
  10 orc sorcerers
  8 ugly things
  3 manticores
  A salamander (shapeshifter) (D:15)
  5 cyclopes
  A tengu skeleton (D:15)
  A worldbinder (Abyss:2)
  10 black mambas
  4 naga magi (Snake:1)
  An orange demon (Lair:1)
  A smoke demon (Abyss:2)
  3 elephants (Lair:2)
  A torpor snail (Lair:2)
  20 cane toads
  3 kobold demonologists
  4 rime drakes
  An efreet (D:13)
  10 komodo dragons
  A freezing wraith (D:13)
  A burning bush (Lair:1)
  2 meliai (D:12)
  3 trolls
  34 blink frogs
  3 tyrant leeches (Lair:6)
  A harpy zombie (D:14)
  26 slime creatures
  A hornet (D:9)
  5 polar bears
  A blink frog (shapeshifter) (D:13)
  A meliai zombie (D:14)
  6 dream sheep (Lair:5)
  A dream sheep (shapeshifter) (D:13)
  Sigmund (D:4)
  2 spriggans (Lair:2)
  A shadow (D:11)
  9 wyverns
  4 wraiths
  4 fire elementals (D:12)
  2 vampires
  4 basilisks
  41 yaks
  12 vampire mosquitoes
  A neqoxec (Abyss:2)
  Grum (D:8)
  A death yak simulacrum (D:12)
  A steam dragon (D:9)
  4 wargs
  An acid dragon (D:14)
  7 nagas
  15 water moccasins
  8 hell hounds
  6 black bears
  4 ice beasts
  16 orc warriors
  A sky beast (D:7)
  10 ogres
  19 wolves
  12 centaurs
  A small abomination (Abyss:2)
  3 phantoms
  5 kobold brigands
  A necrophage (D:5)
  Blork the orc (D:6)
  A scorpion (D:5)
  15 bullfrogs
  2 two-headed ogre simulacra (D:12)
  A cane toad simulacrum (D:12)
  5 wights (D:9)
  12 killer bees
  2 electric eels (Lair:6)
  8 howler monkeys
  3 lava snakes (D:9)
  19 orc priests
  4 hounds
  A jelly (D:6)
  3 gnoll boudas
  5 iguanas
  42 orc wizards
  2 polar bear simulacra (D:12)
  A troll simulacrum (D:12)
  A spriggan simulacrum (D:12)
  Robin (D:4)
  14 gnolls
  8 adders
  2 white imps (D:6)
  4 ufetubi
  3 worms
  A dart slug (D:2)
  65 orcs
  5 endoplasms
  4 giant cockroaches
  15 goblins
  12 hobgoblins
  24 kobolds
  3 quokkas
  7 ball pythons
  7 bats
  A frilled lizard (D:2)
  4 rats
  7 starspawn tentacles (Abyss:2)
759 creatures vanquished.

Vanquished Creatures (collateral kills)
  A goblin (D:1)
1 creature vanquished.

Vanquished Creatures (others)
  A glowing orange brain (Abyss:3)
  A black bear (D:6)
  A scorpion (D:6)
  46 fungi
  81 plants
  2 starspawn tentacles (Abyss:2)
  A withered plant (D:15)
133 creatures vanquished.

Grand Total: 893 creatures vanquished

Notes
Turn   | Place    | Note
-------+----------+-------------------------------------------
     0 | D:1      | buhh the Octopode Transmuter began the quest for the Orb.
     0 | D:1      | Reached XP level 1. HP: 13/13 MP: 3/3
   269 | D:1      | Reached XP level 2. HP: 13/18 MP: 3/5
   471 | D:1      | Reached XP level 3. HP: 23/23 MP: 6/6
  1049 | D:1      | Found a faded altar of an unknown god.
  1513 | D:2      | Got Liqiry's Volume of Virous Bewitchment
  1973 | D:2      | Reached XP level 4. HP: 17/29 MP: 7/7
  2928 | D:3      | Found an iron altar of Okawaru.
  3439 | D:3      | Learned a level 2 spell: Wereblood
  3443 | D:3      | Learned a level 3 spell: Spider Form
  3566 | D:3      | Reached XP level 5. HP: 16/34 MP: 4/8
  3933 | D:3      | Found Zogoic's Distillery.
  3941 | D:3      | Bought a potion of heal wounds for 55 gold pieces
  3941 | D:3      | Bought a potion of lignification for 33 gold pieces
  3941 | D:3      | Bought a potion of heal wounds for 55 gold pieces
  3941 | D:3      | Bought a potion of might for 44 gold pieces
  3941 | D:3      | Bought a potion of degeneration for 11 gold pieces
  3941 | D:3      | Bought a potion of curing for 33 gold pieces
  4091 | D:3      | Found Rainky's General Store.
  4215 | D:3      | Found a hide-covered altar of Uskayaw.
  4509 | D:3      | Found Bibemo's Antique Armour Emporium.
  4744 | D:4      | Reached XP level 6. HP: 25/41 MP: 9/9
  5303 | D:4      | Noticed Sigmund
  5317 | D:4      | Killed Sigmund
  5318 | D:4      | Reached XP level 7. HP: 45/46 MP: 10/10
  5407 | D:4      | Noticed Robin
  5413 | D:4      | Killed Robin
  5817 | D:5      | Entered Level 5 of the Dungeon
  5932 | D:5      | Found a sacrificial altar of Ru.
  6004 | D:5      | Found a bloodstained altar of Trog.
  6015 | D:5      | Reached skill level 5 in Unarmed Combat
  6336 | D:5      | Found Meteoca's Distillery.
  6354 | D:5      | Reached XP level 8. HP: 53/54 MP: 5/11
  6368 | D:5      | Reached skill level 5 in Dodging
  6652 | D:5      | Bought a potion of heal wounds for 70 gold pieces
  6652 | D:5      | Bought a potion of lignification for 42 gold pieces
  6799 | D:5      | Found a shimmering blue altar of Sif Muna.
  6984 | D:6      | Noticed Blork the orc
  6996 | D:6      | Killed Blork the orc
  7000 | D:6      | Reached skill level 5 in Fighting
  7083 | D:6      | Reached XP level 9. HP: 53/62 MP: 9/12
  7138 | D:6      | Reached skill level 5 in Transmutations
  7839 | D:6      | Found a shimmering altar of Xom.
  8037 | D:6      | Found a hazy altar of Hepliaklqana.
  8116 | D:7      | Reached skill level 5 in Ice Magic
  8321 | D:7      | Found a large runed translucent door.
  8321 | D:7      | Found a large runed translucent door.
  8324 | D:7      | Noticed zeratav's ghost (novice OpVM)
  8387 | D:7      | Learned a level 4 spell: Ice Form
  8937 | D:7      | Found a staircase to the Ecumenical Temple.
  8947 | Temple   | Entered the Ecumenical Temple
  9021 | Temple   | Became a worshipper of Cheibriados the Contemplative
  9353 | D:8      | Reached XP level 10. HP: 65/69 MP: 11/13
  9806 | D:8      | Noticed a two-headed ogre
  9818 | D:8      | Killed a two-headed ogre
 10063 | D:8      | Noticed Grum
 10077 | D:8      | Killed Grum
 10091 | D:8      | Reached * piety under Cheibriados
 10540 | D:9      | Reached skill level 8 in Dodging
 10540 | D:9      | Reached skill level 8 in Unarmed Combat
 10541 | D:9      | Reached skill level 8 in Fighting
 10556 | D:9      | Noticed a two-headed ogre
 10560 | D:9      | Killed a two-headed ogre
 10609 | D:9      | Reached ** piety under Cheibriados
 10610 | D:9      | Reached XP level 11. HP: 77/78 MP: 9/14
 11017 | D:9      | Noticed a tengu warrior
 11025 | D:9      | Killed a tengu warrior
 11212 | D:9      | Noticed a purple ugly thing
 11228 | D:9      | Killed a purple ugly thing
 11725 | D:9      | Found the +7 sceptre of Torment {pain, torment}
 11743 | D:9      | Noticed a two-headed ogre
 11753 | D:9      | Killed a two-headed ogre
 11761 | D:9      | Reached *** piety under Cheibriados
 11763 | D:9      | HP: 2/97 [orc warrior/+0 trident (16)]
 12245 | D:9      | Reached skill level 10 in Dodging
 12279 | D:9      | Noticed a two-headed ogre
 12280 | D:9      | Found a staircase to the Orcish Mines.
 12291 | D:9      | Reached skill level 10 in Fighting
 12291 | D:9      | Reached skill level 10 in Unarmed Combat
 12301 | D:9      | Killed a two-headed ogre
 12943 | D:9      | Reached XP level 12. HP: 88/88 MP: 11/15
 13366 | D:10     | Entered Level 10 of the Dungeon
 13366 | D:10     | Found a shadowy altar of Dithmenos.
 13388 | D:10     | Reached **** piety under Cheibriados
 13548 | D:10     | Noticed Erolcha
 13561 | D:10     | Killed Erolcha
 13562 | D:10     | Noticed Fannar
 13590 | D:10     | Killed Fannar
 13858 | D:10     | Found a broken altar of Ashenzari.
 13988 | D:10     | Found Jenol's Assorted Antiques.
 13995 | D:10     | Bought a potion of curing for 75 gold pieces
 13995 | D:10     | Bought a potion of heal wounds for 125 gold pieces
 13995 | D:10     | Bought a potion of curing for 75 gold pieces
 13995 | D:10     | Bought a scroll labelled MUOGENODAGA for 25 gold pieces
 13998 | D:10     | Identified the +7 hand axe "Teezoq" {drain, rPois rF- Str+4
                  | Dex+5}
 14553 | D:10     | Found a sparkling altar of Nemelex Xobeh.
 14678 | D:11     | Noticed a two-headed ogre
 14687 | D:11     | Killed a two-headed ogre
 14993 | D:11     | Found a staircase to the Lair.
 14998 | D:11     | Identified the +7 quarterstaff of the Desert {vorpal, rElec
                  | Str+7}
 15434 | D:11     | Noticed a boulder beetle
 15446 | D:11     | Killed a boulder beetle
 16014 | Lair:1   | Entered Level 1 of the Lair of Beasts
 16014 | Lair:1   | Noticed a six-headed hydra
 16220 | Lair:2   | Noticed a death yak
 16276 | Lair:2   | Killed a death yak
 16288 | Lair:2   | Reached ***** piety under Cheibriados
 16498 | Lair:2   | Reached skill level 8 in Transmutations
 16595 | Lair:2   | Found the +8 demon blade "Leech" {vamp, Harm Drain rN+}
 17106 | Lair:3   | Reached skill level 5 in Invocations
 17106 | Lair:3   | Reached XP level 13. HP: 93/95 MP: 16/16
 18505 | Lair:4   | Found a sacrificial altar of Ru.
 18569 | Lair:4   | Reached skill level 10 in Transmutations
 18578 | Lair:4   | Reached skill level 8 in Invocations
 19052 | Lair:4   | Found a staircase to the Snake Pit.
 19078 | Lair:4   | Found a staircase to the Shoals.
 20315 | Lair:5   | Noticed Urug
 20330 | Lair:5   | Killed Urug
 20887 | Lair:5   | Noticed Nessos
 20891 | Lair:5   | Killed Nessos
 21124 | Lair:5   | Found a viscous altar of Jiyva.
 21124 | Lair:5   | Found a staircase to the Slime Pits.
 21185 | Lair:5   | Reached XP level 14. HP: 101/101 MP: 21/21
 21470 | Lair:6   | Entered Level 6 of the Lair of Beasts
 21476 | Lair:6   | Reached skill level 10 in Invocations
 21937 | Lair:6   | Identified the +2 hat "Eluaff" {Int+5 Stlth+}
 22131 | Lair:6   | Noticed Rupert
 22134 | Lair:6   | Paralysed by Rupert for 5 turns
 22476 | Lair:6   | Reached skill level 1 in Earth Magic
 22847 | Lair:6   | Reached skill level 2 in Earth Magic
 23405 | Lair:1   | Noticed Amaemon
 23412 | Lair:1   | Killed Amaemon
 23413 | Lair:1   | Reached skill level 3 in Earth Magic
 24053 | Orc:1    | Entered Level 1 of the Orcish Mines
 24113 | Orc:1    | Found Ahuf Less's Assorted Antiques.
 24221 | Orc:1    | Bought a tubular moonstone ring for 165 gold pieces
 24226 | Orc:1    | Bought a scroll of summoning for 313 gold pieces
 24483 | Orc:2    | Entered Level 2 of the Orcish Mines
 24483 | Orc:2    | Noticed Snorg
 24483 | Orc:2    | Found a staircase to the Elven Halls.
 24496 | Orc:2    | Killed Snorg
 24497 | Orc:2    | Reached skill level 4 in Earth Magic
 24739 | Orc:2    | Gained mutation: You are frail. (-10% HP) [a neqoxec]
 24772 | Orc:2    | Found Hiog's Magic Scroll Boutique.
 24807 | Orc:2    | Bought a scroll of teleportation for 54 gold pieces
 24830 | Orc:2    | Found a radiant altar of Vehumet.
 24909 | Orc:2    | Found Niheruz's Antique Weapon Shop.
 24937 | Orc:2    | Found an ancient bone altar of Kikubaaqudgha.
 24944 | Orc:2    | Paralysed by an orc sorcerer for 3 turns
 25201 | Orc:2    | Reached skill level 5 in Earth Magic
 25475 | Orc:2    | Reached XP level 15. HP: 93/93 MP: 24/24
 25615 | Orc:2    | Found Rulauret's Jewellery Shop.
 25626 | Orc:2    | Found Boxia's Magic Scroll Boutique.
 25651 | Orc:2    | Bought the amulet of Vitality {RegenMP++ Regen++} for 555
                  | gold pieces
 25651 | Orc:2    | Found the amulet of Vitality {RegenMP++ Regen++}
 25674 | Orc:2    | Learned a level 6 spell: Statue Form
 25689 | Orc:2    | Bought a scroll of teleportation for 33 gold pieces
 25689 | Orc:2    | Bought a scroll of magic mapping for 38 gold pieces
 25689 | Orc:2    | Bought a scroll of identify for 22 gold pieces
 25689 | Orc:2    | Bought a scroll of identify for 22 gold pieces
 25933 | D:9      | Found a blossoming altar of Fedhas.
 26191 | D:9      | Found an ancient bone altar of Kikubaaqudgha.
 26265 | D:12     | Noticed Azrael
 26295 | D:12     | Killed Azrael
 26337 | D:12     | Found Naejamm's Fire Supplies.
 26600 | D:12     | Reached skill level 6 in Earth Magic
 27115 | D:13     | Identified the +3 ring mail "Muedosel" {rPois rCorr Str+4}
 27232 | D:13     | Reached skill level 7 in Earth Magic
 27273 | D:13     | Found a gate to the Vaults.
 27280 | D:13     | Identified the +1 ring mail "Susoxky" {Rampage rF+ Regen+}
 27474 | D:13     | Reached skill level 8 in Earth Magic
 27917 | D:14     | Found a runed translucent gate.
 27917 | D:14     | Found a runed translucent gate.
 27917 | D:14     | Found a runed translucent gate.
 27917 | D:14     | Noticed Noohia's ghost (journeyman MeCK)
 27920 | D:14     | Found a basalt altar of Yredelemnul.
 28075 | D:14     | Found a runed translucent door.
 28076 | D:14     | Identified the +2 trident of Kismet {vorpal, rCorr Int+9}
 28078 | D:14     | Noticed Faore's ghost (journeyman HOMo)
 28332 | D:14     | Reached skill level 9 in Earth Magic
 28532 | D:15     | Entered Level 15 of the Dungeon
 28565 | D:15     | Reached skill level 10 in Earth Magic
 28579 | D:15     | Found a staircase to the Depths.
 28583 | D:15     | Reached ****** piety under Cheibriados
 28626 | D:15     | Noticed Agnes
 28630 | D:15     | Noticed Louise
 28630 | D:15     | Killed Agnes
 28632 | D:15     | Reached skill level 11 in Earth Magic
 28632 | Abyss:2  | Cast into level 2 of the Abyss (Louise)
 28674 | Abyss:2  | Noticed a tentacled starspawn
 28682 | Abyss:2  | Killed a tentacled starspawn
 28683 | Abyss:2  | Reached XP level 16. HP: 100/100 MP: 25/25
 28796 | Abyss:2  | Noticed a bone dragon
 28806 | Abyss:2  | Killed a bone dragon
 28863 | Abyss:2  | Noticed a tentacled starspawn
 28878 | Abyss:2  | Killed a tentacled starspawn
 28879 | Abyss:2  | Reached skill level 12 in Earth Magic
 28909 | Abyss:2  | Noticed a dread lich
 28915 | Abyss:2  | Killed a dread lich
 28922 | D:15     | Escaped the Abyss
 28934 | Abyss:3  | Cast into level 3 of the Abyss (Louise)
 28967 | D:15     | Escaped the Abyss
 28971 | D:15     | Killed Louise
 28972 | D:15     | Reached skill level 13 in Earth Magic
 29039 | D:15     | Found a runed translucent door.
 29041 | D:15     | Noticed Kaaschics's ghost (adept GnMo)
 29228 | D:15     | Found an iron altar of Okawaru.
 29317 | D:15     | Reached skill level 14 in Earth Magic
 29560 | Snake:1  | Entered Level 1 of the Snake Pit
 29616 | Snake:1  | Identified the +3 whip of Meishuol {flame, rElec rN++}
 30137 | Snake:1  | Noticed Aizul
 30138 | Snake:1  | Noticed Frances
 30148 | Snake:1  | Killed Aizul
 30155 | Snake:1  | Mangled by Frances

Illustrated notes

Levels and vault maps discovered:
D:1:      eino_arrival_cavern_e, layout_loops_corners,
          dreamdust_ecumenical_altar_hidden_monk_grotto
D:2:      kennysheep_big_flooded_room, layout_rooms, dk_noncrumbling_3
D:3:      layout_basic, mainiacjoe_overflow_tiny_flanked,
          mainiacjoe_overflow_alcove_4, serial_shops, nicolae_diamond_shop,
          nicolae_shop_statue_plus, shop, minmay_fountain_box
D:4:      layout_loops_ring, minmay_parallelograms, minmay_misc_feat_plants,
          minmay_unequal, uniq_sigmund, uniq_robin
D:5:      layout_rooms, mainiacjoe_overflow_cross_hatched,
          mainiacjoe_overflow_alcove_1, kennysheep_orc_sif_temple,
          gup_sewer_entry_bowl, serial_shops, shop, grunt_ministairs_15,
          grunt_decor_junction, chequers_mini_garden
D:6:      layout_cave_pools, xom_confusion_cloud, general_overflow_altar,
          uniq_blork_the_orc
D:7:      layout_rooms, minmay_temple_entry_trees, ebering_ghost_disaster_area
D:8:      layout_loops_ring, kennysheep_cluttered_room, uniq_grum
D:9:      minmay_the_grid_octo_tiled_squarecenter
          [minmay_the_grid_octo_checkerflower, minmay_the_grid_octo_chip,
          minmay_the_grid_octo_odd_swirl, minmay_the_grid_octo_empty,
          minmay_the_grid_square_5x5_megaprize_crossed,
          minmay_the_grid_square_5x5_inner_v, minmay_the_grid_square_5x5_eight,
          minmay_the_grid_square_5x5_hourglass,
          minmay_the_grid_square_5x5_inner_i], layout_basic, fedhas_altar_4,
          kennysheep_mini_moat, minmay_orc_entry_guard_dogs, kennysheep_boxes
D:10:     layout_basic, mainiacjoe_overflow_concentric_impassable,
          grunt_dithmenos_smoke, cheibrodos_ashenzari_chains, serial_shops,
          kennysheep_mini, evilmike_butchery, uniq_erolcha, uniq_fannar
D:11:     layout_stronghold, lair_entry_dummy
D:12:     layout_irregular_city, portal_ice_cave_entry_ice_simulacra,
          minmay_misc_feat_pillars, nicolae_shop_fire_sale
          [nicolae_sub_dead_trees], eino_jars, uniq_azrael
D:13:     layout_roguey, david_vaults_4
D:14:     layout_loops_ring, ebering_ghost_funeral_grove, nicolae_benzene_ring,
          nicolae_yredelemnul_ghost_church
D:15:     gammafunk_depths_entry_grave, layout_cave_pools,
          ebering_ghost_inner_flame, hangedman_abyss_or_decor_slice,
          okawaru_ov_weapons_minmay, uniq_louise, uniq_agnes
Temple:   hellmonk_temple_beads
Lair:1:   layout_hall_layers, evilmike_ambush [evilmike_ambush_outer_pillars,
          evilmike_ambush_inner_basic], uniq_amaemon
Lair:2:   layout_roguey, forest_entry_grove
Lair:3:   layout_loops_ring
Lair:4:   layout_loops_ring, minmay_shoals_entry_lonely_mermaid,
          guppyfry_snake_entry_island, basic_altar, enter_volcano_4,
          serial_bayou_shore_b
Lair:5:   layout_misc_corridors, dpeg_slime_entry_corner, uniq_nessos, uniq_urug
Lair:6:   minmay_lair_end_frog_pond, layout_long_grid,
          nicolae_lair_grove_arrangements, uniq_rupert
Snake:1:  layout_basic, uniq_frances, uniq_aizul
Orc:1:    layout_caves, serial_shops, nicolae_shop_stone
Orc:2:    kennysheep_orc_mage_school, layout_caves, uniq_snorg

Skill      XL: |  1  2  3  4  5  6  7  8  9 10 11 12 13 14 15 16 |
---------------+-------------------------------------------------+-----
Stealth        | 1 2 |  2.0
Poison Magic   | 1 2 3 |  3.0
Fighting       | 2 3 4 6 8 10 11 | 11.3
Dodging        | 3 4 6 8 10 11 | 11.3
Unarmed Combat | 4 5 6 8 10 11 | 11.3
Transmutations | 3 4 5 8 11 13 | 13.2
Ice Magic      | 5 |  5.0
Invocations    | 5 9 12 13 | 13.0
Earth Magic    | 5 11 14 | 14.0
Spellcasting   | 4 |  4.0

Action                   |  1- 3 |  4- 6 |  7- 9 | 10-12 | 13-15 | 16-18 || total
-------------------------+-------+-------+-------+-------+-------+-------++-------
Melee: Unarmed           |    80 |   119 |   266 |   487 |   824 |   184 ||  1960
       Tentacles         |    13 |    13 |    17 |    14 |    81 |    47 ||   185
       Kick              |    19 |    32 |    33 |     7 |       |       ||    91
       Constrict         |    21 |    26 |    24 |     9 |    27 |    19 ||   126
       Punch             |     1 |     2 |    10 |     2 |    32 |    21 ||    68
 Cast: Beastly Appendage |    25 |    26 |    26 |     2 |       |       ||    79
       Spider Form       |       |     5 |    15 |     2 |       |       ||    22
       Wereblood         |       |       |     5 |    12 |     1 |       ||    18
       Ice Form          |       |       |       |    44 |    85 |       ||   129
       Statue Form       |       |       |       |       |    42 |    30 ||    72
Invok: Slouch            |       |       |       |     1 |    13 |       ||    14
       Step From Time    |       |       |       |       |     3 |     1 ||     4
Evoke: Wand              |       |       |       |    15 |     1 |       ||    16
       Condenser vane    |       |       |       |       |     1 |       ||     1
       Phial of floods   |       |       |       |       |     1 |       ||     1
  Use: Scroll            |     2 |     3 |     2 |    12 |     8 |     1 ||    28
       Potion            |       |     1 |     6 |    12 |     8 |     1 ||    28
 Stab: Sleeping          |     8 |     8 |     6 |     1 |     7 |     1 ||    31
       Paralysed         |       |       |       |    13 |       |       ||    13
Armor: Skin              |    13 |    13 |   182 |   225 |   321 |   146 ||   900
Dodge: Dodged            |    72 |    64 |   232 |   386 |   880 |   367 ||  2001
Block: Other             |       |       |       |       |    72 |       ||    72
       Reflection        |       |       |       |       |     1 |       ||     1

Table legend: (Time is in decaauts)
 A = Elapsed time spent in this place.
 B = Non-inter-level travel time spent in this place.
 C = Inter-level travel time spent in this place.
 D = Time resting spent in this place.
 E = Time spent auto-exploring this place.
 F = Levels seen in this place.
 G = Mean time per level.
                   A        B        C        D        E       F      G
               +--------+--------+--------+--------+--------+-----+--------+
         Total |  39512 |  37359 |   2153 |   2402 |  29392 |  27 | 1463.4 |
       Dungeon |  24437 |  23094 |   1343 |   1775 |  17988 |  15 | 1629.1 |
        Temple |    150 |     74 |     76 |      0 |     62 |   1 |  150.0 |
          Lair |  10753 |  10115 |    638 |    497 |   8274 |   6 | 1792.2 |
     Snake Pit |   1222 |   1222 |      0 |      0 |    986 |   1 | 1222.0 |
  Orcish Mines |   2308 |   2214 |     94 |      7 |   1839 |   2 | 1154.0 |
         Abyss |    639 |    639 |      0 |    122 |    241 |   2 |  319.5 |
               +--------+--------+--------+--------+--------+-----+--------+

Top non-repeatable levels by time:
     D:9: 3397 daAuts
  Lair:4: 2611 daAuts
    D:11: 2262 daAuts
  Lair:3: 2080 daAuts
     D:3: 1920 daAuts
     D:8: 1904 daAuts
    D:10: 1876 daAuts
  Lair:6: 1806 daAuts
    D:14: 1746 daAuts
   Orc:2: 1669 daAuts
    D:12: 1593 daAuts
  Lair:2: 1575 daAuts
  Lair:5: 1556 daAuts
    D:13: 1479 daAuts
     D:1: 1452 daAuts
